 Dungeon Crawl Stone Soup version 0.27.1-33-g824d729ab1 (webtiles) character file.

Game seed: 8663487069271292157

60 Atelerd the Digger (level 4, 0/27 HPs)
             Began as an Octopode Earth Elementalist on Dec 26, 2021.
             Slain by a gnoll (11 damage)
             ... on level 2 of the Dungeon.
             The game lasted 00:03:30 (2657 turns).

Atelerd the Digger (Octopode Earth Elementalist)    Turns: 2657, Time: 00:03:30

Health: 0/27       AC:  1    Str:  7    XL:     4   Next: 6%
Magic:  6/8        EV: 13    Int: 18    God:
Gold:   59         SH:  0    Dex: 12    Spells: 7/8 levels left

rFire    . . .     SeeInvis .   a - +0 dagger
rCold    . . .     Faith    .   (no shield)
rNeg     . . .     Spirit   .   (helmet restricted)
rPois    .         Reflect  .   (no amulet)
rElec    .         Harm     .   (no ring)
rCorr    .         Rampage  .   (no ring)
Will     .....                  (no ring)
Stlth    +++.......             (no ring)
HPRegen  0.09/turn              (no ring)
MPRegen  0.11/turn              (no ring)
                                (no ring)
                                (no ring)

@: no status effects
A: almost no armour, amphibious, 8 rings, camouflage 1, gelatinous body 1,
(nimble swimmer 1), tentacles
a: no special abilities


You were on level 2 of the Dungeon.
You visited 1 branch of the dungeon, and saw 2 of its levels.

You collected 59 gold pieces.

Inventory:

Hand Weapons
 a - a +0 dagger (weapon)
Missiles
 b - 15 stones
Scrolls
 c - a scroll of blinking {unknown}
 d - a scroll of identify {unknown}
 e - a scroll of fear {unknown}


   Skills:
 - Level 2.0 Dodging
 - Level 2.9 Stealth
 + Level 2.9 Spellcasting
 + Level 1.9 Transmutations
 + Level 3.6 Earth Magic


You had 7 spell levels left.
You knew the following spells:

 Your Spells              Type           Power      Damage    Failure   Level
a - Sandblast             Erth           30%        2d9       3%          1

Your spell library contained the following spells:

 Spells                   Type           Power      Damage    Failure   Level
 Passwall                 Tmut/Erth      10%        N/A       8%          2
 Stone Arrow              Conj/Erth      18%        3d8       24%         3
 Gell's Gravitas          Tloc           1%         N/A       45%         3
 Lesser Beckoning         Tloc           1%         N/A       45%         3
 Teleport Other           Tloc           2%         N/A       45%         3
 Petrify                  Tmut/Erth      12%        N/A       45%         4


Dungeon Overview and Level Annotations

Branches:
Dungeon (2/15)

Altars:

Shops:
D:2 [


Innate Abilities, Weirdness & Mutations

You cannot wear most types of armour.
You are amphibious.
You can wear up to eight rings at the same time.
Your skin changes colour to match your surroundings (Stealth+).
Your rubbery body absorbs attacks. (AC +1, EV +1)
((You are camouflaged near water. (Stealth+)))
You have tentacles for arms and can constrict up to eight enemies at once.


Message History

A hobgoblin is nearby!
You hit the hobgoblin.
The hobgoblin is severely wounded.
You constrict the hobgoblin.
You kill the hobgoblin!
Key pressed, stopping explore.
No target in view!
No target in view!
A gnoll comes into view. It is wielding a +0 halberd.
A gnoll is nearby!
A gnoll is nearby!
A gnoll comes into view. It is wielding a +0 club.
There are monsters nearby!
The gnoll barely misses you.
There are monsters nearby!
You closely miss the gnoll. Your grab misses the gnoll.
The gnoll hits you with a +0 halberd!
There are monsters nearby!
There are monsters nearby!
Unknown command.
The gnoll misses you.
Casting: Sandblast (safe; 3% risk of failure)
Confirm with . or Enter, or press ? or * to list all spells.
Aiming: Sandblast (safe; 3% risk of failure)
Press: ? - help, Shift-Dir - straight line, f - gnoll
Aim: a gnoll, wielding a +0 halberd (82% to hit)
The blast of sand misses the gnoll.
The blast of sand hits the gnoll.
The gnoll is heavily wounded.
The gnoll hits you from afar with a +0 halberd.
Unknown command.
Unknown command.
Casting: Sandblast (safe; 3% risk of failure)
Confirm with . or Enter, or press ? or * to list all spells.
Aiming: Sandblast (safe; 3% risk of failure)
Press: ? - help, Shift-Dir - straight line, f/p - gnoll
Aim: a gnoll, wielding a +0 halberd (82% to hit)
The blast of sand hits the gnoll!
The gnoll is severely wounded.
The gnoll hits you from afar with a +0 halberd!
You die...

...............# ..#
......########.# ..#
......########.##..#
.............#.#...#
.......#####.#.#..######
..)....#................
.......#.###.#.#..######
######.# #.#..........
#.# #.#.#@####### #.#
#.#.#.# #.# #.#.#g#
#.#.#g. #.#.#J.. #.##.
#.# .# #.# # ...


You could see 2 gnolls and an endoplasm.

Vanquished Creatures
  An adder (D:2)
  2 dart slugs (D:1)
  2 worms (D:2)
  3 ball pythons (D:1)
  3 bats
  7 endoplasms
  3 giant cockroaches
  4 goblins
  4 hobgoblins
  2 quokkas
  A frilled lizard (D:1)
  3 kobolds
  3 rats (D:1)
38 creatures vanquished.

Notes
Turn   | Place    | Note
-------+----------+-------------------------------------------
     0 | D:1      | Atelerd the Octopode Earth Elementalist began the quest for
                  | the Orb.
     0 | D:1      | Reached XP level 1. HP: 11/11 MP: 3/3
    78 | D:1      | Reached XP level 2. HP: 5/17 MP: 1/5
   613 | D:1      | Reached XP level 3. HP: 4/21 MP: 0/6
  1426 | D:1      | Found a faded altar of an unknown god.
  2088 | D:2      | Found Xobraogg's Antique Armour Boutique.
  2110 | D:2      | Reached XP level 4. HP: 12/27 MP: 8/8
  2657 | D:2      | Slain by a gnoll

Illustrated notes

Levels and vault maps discovered:
D:1:      minmay_arrival_plants_in_alcoves, layout_basic,
          hellmonk_ecumenical_altar_inner_sanctum, minmay_tetromino_s2
D:2:      layout_basic, serial_shops, shop_statue

Action                   |  1- 3 |  4- 6 || total
-------------------------+-------+-------++-------
Melee: Unarmed           |     5 |       ||     5
       Constrict         |    14 |     2 ||    16
       Tentacles         |     3 |       ||     3
       Dagger            |    48 |    11 ||    59
 Cast: Sandblast         |    36 |     2 ||    38
 Stab: Sleeping          |     4 |     1 ||     5
Armor: Skin              |     6 |       ||     6
Dodge: Dodged            |    45 |    11 ||    56
